 Dungeon Crawl Stone Soup version 0.22.1-2-g9c5b331383 (webtiles) character file.

702 Peloso the Slasher (level 7, -1/61 HPs)
             Began as a Minotaur Fighter on Jan 1, 2019.
             Was a Follower of Okawaru.
             Killed by nerve-wracking pain
             ... invoked by Grinder
              (4 damage)
             ... on level 4 of the Dungeon.
             The game lasted 00:05:53 (2917 turns).

Peloso the Slasher (Minotaur Fighter)               Turns: 2917, Time: 00:05:54

Health: -1/61      AC: 14    Str: 26    XL:     7   Next: 38%
Magic:  4/6        EV:  9    Int:  5    God:    Okawaru [*.....]
Gold:   231        SH: 12    Dex: 11    Spells: 6/6 levels left

rFire    . . .     SeeInvis .   a - +0 long sword
rCold    . . .     Gourm    .   c - +0 shield
rNeg     . . .     Faith    .   l - +0 plate armour
rPois    .         Spirit   .   (helmet restricted)
rElec    .         Reflect  .   (no cloak)
rCorr    .         Harm     .   (no gloves)
MR       .....                  (no boots)
Stlth    ..........             (no amulet)
HPRegen  0.20/turn              m - ring of wizardry
MPRegen  0.10/turn              (no ring)

@: mighty, heroism
A: retaliatory headbutt, horns 2
a: Heroism, Renounce Religion


You were on level 4 of the Dungeon.
You worshipped Okawaru.
Okawaru was aware of your devotion.
You were not hungry.

You visited 1 branch of the dungeon, and saw 4 of its levels.

You collected 231 gold pieces.

Inventory:

Hand Weapons
 a - a +0 long sword (weapon)
Armour
 b - a +0 scale mail
 c - a +0 shield (worn)
 l - a +0 plate armour (worn)
Jewellery
 m - a ring of wizardry (left hand)
Wands
 s - a wand of paralysis (18)
Scrolls
 g - a scroll of fog {unknown}
 h - 2 scrolls of teleportation {unknown}
 j - 4 scrolls of remove curse {unknown}
 n - 2 scrolls of enchant armour {unknown}
 o - 2 scrolls of immolation {unknown}
 p - a scroll of fear {unknown}
 q - a scroll of amnesia {unknown}
Potions
 e - 2 potions of curing {unknown}
 i - a potion of heal wounds {unknown}
 k - a potion of flight {unknown}
 r - 2 potions of haste {unknown}
 u - a potion of agility {unknown}
Comestibles
 f - 6 rations
 t - 4 chunks of flesh


   Skills:
 + Level 5.5(10.5) Fighting
 + Level 6.6(11.6) Long Blades
 + Level 5.6(10.6) Armour
 + Level 1.2(6.2) Dodging
 + Level 5.4(10.4) Shields


You had 6 spell levels left.
You didn't know any spells.
Your spell library was empty.

Dungeon Overview and Level Annotations

Branches:
Dungeon (4/15)             Temple (0/1) D:4

Altars:
Okawaru
Ru
Uskayaw
The Shining One

Annotations:
D:4 Grinder


Innate Abilities, Weirdness & Mutations

You reflexively headbutt those who attack you in melee.
You have a pair of horns on your head.


Message History

* * * LOW HITPOINT WARNING * * *
You writhe in agony.
* * * LOW HITPOINT WARNING * * *
You hit Grinder. Your headbutt misses Grinder.
Grinder is severely wounded.
Grinder says, "You look like you could use a good racking."
Grinder gestures at you.
You suddenly lose the ability to move!
Grinder hits you!
* * * LOW HITPOINT WARNING * * *
You writhe in agony.
* * * LOW HITPOINT WARNING * * *
Grinder hits you but does no damage. Grinder gestures at you.
You resist with significant effort.
You can move again.
You feel very mighty all of a sudden. Grinder gestures at you.
Pain shoots through your body!
You die...

.....#########
#..# #.# P.P†.#
#. #..# #.#
.>...# #. #..#
#.# ..P.## #.
#..######.#
....# #.
#.........#
#.#############.
#..########
.#........ .....
#..# ..########
#.5#####..#
..###
#..@......#
....#
##.......##
....# #######.#
....####### #.#
........... ..#
....####### ###
....# ....#
#####


You could see Grinder.

Vanquished Creatures
  2 ogres (D:4)
  A phantom (D:4)
  A howler monkey (D:4)
  2 hounds
  An orc priest (D:4)
  A bullfrog skeleton (D:4)
  2 orc wizards
  An iguana (D:3)
  A worker ant (D:4)
  6 gnolls
  5 adders
  An ooze (D:1)
  2 adder skeletons (D:4)
  2 worms (D:4)
  A dart slug (D:1)
  A leopard gecko (D:4)
  8 orcs
  A ball python (D:3)
  5 bats
  A giant cockroach (D:1)
  6 hobgoblins
  9 kobolds
  3 quokkas
  6 frilled lizards
  8 goblins
  9 rats
86 creatures vanquished.

Notes
Turn   | Place    | Note
-------+----------+-------------------------------------------
     0 | D:1      | Peloso the Minotaur Fighter began the quest for the Orb.
     0 | D:1      | Reached XP level 1. HP: 19/19 MP: 0/0
    25 | D:1      | Reached XP level 2. HP: 22/27 MP: 1/1
   539 | D:2      | Reached XP level 3. HP: 30/33 MP: 2/2
   695 | D:2      | Found a glowing golden altar of the Shining One.
   745 | D:2      | Reached skill level 3 in Long Blades
   948 | D:2      | Reached XP level 4. HP: 32/40 MP: 3/3
   966 | D:2      | Reached skill level 1 in Dodging
  1100 | D:2      | Found an iron altar of Okawaru.
  1108 | D:2      | Became a worshipper of Warmaster Okawaru
  1157 | D:2      | Found a hide-covered altar of Uskayaw.
  1174 | D:2      | Reached skill level 4 in Long Blades
  1312 | D:3      | Reached XP level 5. HP: 39/47 MP: 4/4
  1906 | D:4      | Found a sacrificial altar of Ru.
  1952 | D:4      | Noticed an ogre
  1963 | D:4      | Killed an ogre
  1963 | D:4      | Reached skill level 5 in Long Blades
  1963 | D:4      | Reached skill level 5 in Armour
  1963 | D:4      | Reached skill level 5 in Shields
  1963 | D:4      | Reached XP level 6. HP: 30/55 MP: 5/5
  2115 | D:4      | Found a staircase to the Ecumenical Temple.
  2283 | D:4      | Reached * piety under Okawaru
  2283 | D:4      | Reached skill level 5 in Fighting
  2283 | D:4      | Reached skill level 6 in Long Blades
  2283 | D:4      | Reached XP level 7. HP: 19/61 MP: 6/6
  2896 | D:4      | Noticed Grinder
  2913 | D:4      | Paralysed by Grinder for 4 turns
  2914 | D:4      | HP: 3/61 [Grinder (4)]
  2917 | D:4      | Killed from afar by Grinder

Skill      XL: |  1  2  3  4  5  6 |
---------------+-------------------+-----
Shields        | 4 5 |  5.4
Armour         | 4 5 |  5.6
Fighting       | 4 5 |  5.5
Long Blades    | 3 4 5 6 |  6.6
Dodging        | 1 |  1.2

Action                   |  1- 3 |  4- 6 |  7- 9 || total
-------------------------+-------+-------+-------++-------
Melee: Long sword        |    83 |   123 |    75 ||   281
       Headbutt          |     7 |    23 |    16 ||    46
Invok: Heroism           |       |       |     2 ||     2
  Use: Potion            |       |       |     1 ||     1
  Eat: Chunk             |       |     5 |     2 ||     7
Armor: Scale mail        |    23 |       |       ||    23
       Plate armour      |    24 |    81 |    17 ||   122
Dodge: Dodged            |    24 |    15 |    14 ||    53
Block: Shield            |    60 |    73 |    30 ||   163
       Rpst.: Long sword |     7 |     5 |     3 ||    15
